 Dungeon Crawl Stone Soup version 0.29.1-1-gd02db6906a (webtiles) character file.

Game seed: 380069084373549598

1045 firemarshallily the Nimble (level 8, -7/39 HPs)
             Began as a Felid Monk on Oct 22, 2022.
             Mangled by a yak (12 damage)
             ... on level 5 of the Dungeon.
             The game lasted 00:22:02 (7401 turns).

firemarshallily the Nimble (Felid Monk)             Turns: 7401, Time: 00:22:03

Health: -7/39      AC:  2    Str:  7    XL:     8   Next: 4%
Magic:  0/9        EV: 30    Int: 12    God:
Gold:   52         SH:  0    Dex: 26    Spells: 7/7 levels left
                                        Lives:  0   Deaths: 2

rFire   . . .      SeeInvis +     - Unarmed
rCold   . . .      Faith    .   (shield unavailable)
rNeg    . . .      Spirit   +   (body armour unavailable)
rPois   .          Reflect  .   (helmet unavailable)
rElec   .          Harm     .   (cloak unavailable)
rCorr   .          Rampage  .   (gloves unavailable)
Will    +....                   (boots unavailable)
Stlth   ++++......              i - amulet of guardian spirit
HPRegen 0.13/turn               q - +4 ring of evasion
MPRegen 0.11/turn               v - +6 ring of dexterity

@: quick
A: very small, claws 1, fangs 3, see invisible, speed 1, shaggy fur 2, stealthy
paws, no weapons or thrown items, no armour, multi-lived
a: no special abilities


You were on level 5 of the Dungeon.
You visited 1 branch of the dungeon, and saw 5 of its levels.

You collected 196 gold pieces.
You spent 144 gold pieces at shops.

Inventory:

Jewellery
 d - an amulet of the acrobat
 i - an amulet of guardian spirit (around neck)
 q - a +4 ring of evasion (left paw)
 v - a +6 ring of dexterity (right paw)
Wands
 c - a wand of light (8)
Scrolls
 e - a scroll of identify
 m - a scroll of silence
 u - 2 scrolls of teleportation
Potions
 a - 3 potions of curing
 b - 3 potions of attraction
 g - 2 potions of mutation {unknown}
 h - 3 potions of lignification {unknown}
 j - 2 potions of degeneration {unknown}
 l - 2 potions of flight {unknown}
 o - a potion of brilliance {unknown}
 r - a potion of cancellation {unknown}
 s - a potion of invisibility {unknown}


   Skills:
 * Level 6.5 Fighting
 * Level 8.7 Dodging
 + Level 6.3 Stealth
 * Level 6.7 Unarmed Combat


You had 7 spell levels left.
You didn't know any spells.
Your spell library contained the following spells:

 Spells                   Type           Power      Damage    Failure   Level
 Ensorcelled Hibernation  Hex/Ice        0%         N/A       45%         2
 Passwall                 Tmut/Erth      0%         N/A       45%         2
 Confusing Touch          Hex            0%         N/A       69%         3
 Gell's Gravitas          Tloc           0%         N/A       69%         3
 Swiftness                Air            0%         N/A       69%         3
 Teleport Other           Tloc           0%         N/A       69%         3
 Yara's Violent Unravell  Hex/Tmut       0%         3d3       100%        5
 Dispersal                Tloc           0%         N/A       100%        6
 Enfeeble                 Hex            0%         N/A       100%        7


Dungeon Overview and Level Annotations

Branches:
Dungeon (5/15)
 Temple: D:4-7

Altars:
Cheibriados
Fedhas
Gozag
Ru
Vehumet

Shops:
D:4 *


Innate Abilities, Weirdness & Mutations

You have sharp claws.
You have razor-sharp teeth.
You have supernaturally acute eyesight. (SInv)
You cover ground quickly. (Speed+)
You are covered in thick fur. (AC +2)
Your paws help you pounce on unaware monsters.
You are incapable of wielding weapons or throwing items.
You cannot wear armour.
You gain extra lives every three experience levels.


Message History

You have reached level 8!
You scratch the yak but do no damage. The yak barely misses you.
You scratch the yak but do no damage. You claw the yak! You bite the yak.
The yak is moderately wounded.
The yak completely misses you.
You scratch the yak. You bite the yak.
The yak is heavily wounded.
The yak completely misses you.
You scratch the yak.
The yak is heavily wounded.
The yak completely misses you.
You scratch the yak but do no damage.
The yak is heavily wounded.
The yak gores you!
You scratch the yak but do no damage.
The yak is heavily wounded.
The yak completely misses you.
You scratch the yak.
The yak is heavily wounded.
The yak completely misses you.
You scratch the yak but do no damage.
The yak is heavily wounded.
The yak closely misses you.
You closely miss the yak. Your claw misses the yak.
The yak is heavily wounded.
You barely miss the yak.
The yak is heavily wounded.
The yak closely misses you.
You claw the yak! Your bite misses the yak.
The yak is severely wounded.
The yak gores you!
* * * LOW HITPOINT WARNING * * *
You scratch the yak but do no damage. Your claw misses the yak.
The yak is severely wounded.
The yak misses you.
You scratch the yak.
The yak is almost dead.
The yak gores you!
You die...

#########
######.......#
.......#####.#
.#####.# #.#
....##.#####.#####
.##.##...........#
.##.#........###.#
.##.#.....#..# #.#
.............# #@#
#####.#.###.## #Y#
#.#.###.# #Y#
#.......# #Y#
###'##### #.#
##...## ...
##.....## ...
##.......## ...
###.........#


You could see 3 yaks.

Vanquished Creatures
  3 yaks (D:5)
  Eustachio (D:5)
  An ice beast (D:5)
  2 ogres
  A phantom (D:4)
  A scorpion (D:4)
  6 orc priests
  2 hounds
  4 orc wizards
  Natasha (thrice) (D:3)
  6 adders
  8 gnolls (D:4)
  3 worms
  4 dart slugs
  18 orcs
  8 endoplasms
  3 giant cockroaches
  13 goblins
  9 hobgoblins
  6 jackals
  12 kobolds
  5 quokkas
  7 ball pythons
  6 bats
  4 frilled lizards
  5 rats
141 creatures vanquished.

Vanquished Creatures (others)
  3 plants (D:1)
3 creatures vanquished.

Grand Total: 144 creatures vanquished

Notes
Turn   | Place    | Note
-------+----------+-------------------------------------------
     0 | D:1      | firemarshallily the Felid Monk began the quest for the Orb.
     0 | D:1      | Reached XP level 1. HP: 10/10 MP: 2/2
   155 | D:1      | Reached XP level 2. HP: 14/14 MP: 3/3
   482 | D:1      | Reached XP level 3. HP: 17/17 MP: 4/4
  1182 | D:2      | Found a faded altar of an unknown god.
  1538 | D:2      | Reached XP level 4. HP: 11/21 MP: 5/5
  1853 | D:2      | Reached skill level 5 in Dodging
  2623 | D:3      | Noticed Natasha
  2710 | D:3      | Found a radiant altar of Vehumet.
  2753 | D:3      | Found a snail-covered altar of Cheibriados.
  2755 | D:3      | Found an opulent altar of Gozag.
  2845 | D:3      | Reached XP level 5. HP: 3/25 MP: 0/6
  2853 | D:3      | Killed Natasha
  2900 | D:3      | Noticed Natasha
  3191 | D:3      | Killed Natasha
  3203 | D:3      | Noticed Natasha
  3212 | D:3      | Killed Natasha
  3495 | D:3      | Gained mutation: You are covered in thick fur. (AC +2)
                  | [Felid growth]
  3495 | D:3      | Reached XP level 6. HP: 28/28 MP: 7/7
  3534 | D:3      | Reached skill level 6 in Dodging
  3887 | D:3      | Slain by an orc wizard
  3888 | D:3      | Reached XP level 5. HP: 0/25 MP: 0/6
  4225 | D:4      | Found a sacrificial altar of Ru.
  4239 | D:4      | Reached XP level 6. HP: 9/29 MP: 4/7
  4702 | D:4      | Reached skill level 5 in Unarmed Combat
  4717 | D:4      | Found Lutag's Assorted Antiques.
  4733 | D:4      | Bought an inky potion for 18 gold pieces
  4733 | D:4      | Bought 2 potions of curing for 126 gold pieces
  5090 | D:4      | Found a blossoming altar of Fedhas.
  5138 | D:4      | Reached skill level 5 in Fighting
  5138 | D:4      | Reached XP level 7. HP: 17/33 MP: 3/8
  5147 | D:4      | Reached skill level 7 in Dodging
  5405 | D:4      | Reached skill level 5 in Stealth
  5779 | D:5      | Entered Level 5 of the Dungeon
  6579 | D:5      | Noticed Eustachio
  6592 | D:5      | Killed from afar by a white imp
  6593 | D:5      | Reached XP level 6. HP: -4/31 MP: 0/7
  6661 | D:5      | Found a glowing drain.
  6780 | D:5      | HP: 1/31 [Eustachio/+0 falchion of flaming (1)]
  6782 | D:5      | Killed Eustachio
  6783 | D:5      | Reached skill level 8 in Dodging
  6783 | D:5      | Reached XP level 7. HP: 1/34 MP: 1/8
  7355 | D:5      | Noticed a yak
  7356 | D:5      | Noticed a yak
  7356 | D:5      | Noticed a yak
  7357 | D:5      | Noticed a yak
  7358 | D:5      | Noticed a yak
  7358 | D:5      | Noticed a yak
  7368 | D:5      | Killed a yak
  7376 | D:5      | Killed a yak
  7387 | D:5      | Killed a yak
  7388 | D:5      | Reached XP level 8. HP: 22/39 MP: 6/9
  7401 | D:5      | Mangled by a yak

Illustrated notes

Levels and vault maps discovered:
D:1:      noname_arrival_rooms_in_the_neighbourhood, layout_loops_ring,
          serial_bayou_pond_c
D:2:      layout_rooms, shapermc_ecumenical_altar_acropolis, st_stairs_13,
          kennysheep_generic_room_4
D:3:      layout_basic, nicolae_overflow_hidden_temple, uniq_natasha
D:4:      layout_rooms, mainiacjoe_overflow_catwalk,
          mainiacjoe_overflow_24_doors, serial_shops, shop_fountains,
          ebering_dispersal_statue_hall, kennysheep_small_square
D:5:      layout_loops_corners, cheibrodos_sewer_entry_bend, minmay_holes,
          grunt_ministairs_6, roderic_lattice_a, uniq_eustachio

Skill      XL: |  1  2  3  4  5  6  7 |
---------------+----------------------+-----
Stealth        | 3 4 6 |  6.3
Dodging        | 5 8 7 |  8.7
Unarmed Combat | 4 6 |  6.7
Fighting       | 4 6 |  6.5

Action                   |  1- 3 |  4- 6 |  7- 9 || total
-------------------------+-------+-------+-------++-------
Melee: Unarmed           |   103 |   325 |   174 ||   602
       Bite              |     8 |    41 |    29 ||    78
       Punch             |     3 |    13 |    10 ||    26
  Use: Potion            |       |     6 |     1 ||     7
       Scroll            |       |       |     8 ||     8
 Stab: Sleeping          |    14 |     8 |     1 ||    23
Armor: Skin              |     2 |     8 |     1 ||    11
Dodge: Dodged            |    58 |   286 |   141 ||   485
